General information
- name: BNet
- type: Ladder 1vs1/FFA
- host: Battle.net
- saver: timg4strok
map: TurtleRock
- players: 2
- length: 11:13
- speed: Fast
- version: 1.24 W3XP
- replay type:

» download(51 KB)
Players
team 1 (loser)
MEDDICCCC (
orange | 126 APM | 1410 actions | 11:11)
3 Archmage
2 Summon Water Elemental
1 Brilliance Aura
2 Mountain King
1 Storm Bolt
1 Bash
» actions
| Assign group hotkey | 24 | |
| Basic commands | 12 | |
| Build / train | 50 | |
| Enter build submenu | 23 | |
| Enter hero's abilities submenu | 6 | |
| Remove unit from queue | 1 | |
| Right click | 666 | |
| Select / deselect | 314 | |
| Select group hotkey | 235 | |
| Use ability | 79 | |
1410 total
» units
| Peasant | 9 | |
| Footman | 8 | |
| Priest | 2 | |
| Sorceress | 2 | |
| Spell Breaker | 2 | |
23 total
» upgrades
» buildings
| Altar of Kings | 1 | |
| Barracks | 1 | |
| Farm | 6 | |
| Scout Tower | 5 | |
| Arcane Tower | 1 | |
| Keep | 2 | |
| Arcane Vault | 1 | |
| Lumber Mill | 1 | |
| Arcane Sanctum | 2 | |
| Guard Tower | 5 | |
| Blacksmith | 1 | |
26 total
» build order
00:09 Altar of Kings
00:22 Barracks
00:36 Farm
01:21 Farm
02:06 Farm
02:51 Scout Tower
03:31 Arcane Tower
03:33 Keep
04:04 Arcane Vault
04:15 Lumber Mill
05:28 Farm
06:16 Farm
06:19 Arcane Sanctum
06:23 Arcane Sanctum
06:28 Scout Tower
06:30 Scout Tower
07:01 Guard Tower
07:02 Scout Tower
07:36 Farm
07:40 Guard Tower
07:40 Guard Tower
07:44 Scout Tower
08:17 Guard Tower
08:17 Guard Tower
10:17 Blacksmith
» items
| Scroll of Regeneration | 3 | |
| Lesser Clarity Potion | 5 | |
8 total
team 2 (winner)
timg4strok (
purple | 196 APM | 2195 actions | 11:13)
3 Demon Hunter
2 Mana Burn
1 Evasion
3 Pandaren Brewmaster
2 Breath of Fire
1 Drunken Haze
» actions
| Assign group hotkey | 21 | |
| Basic commands | 32 | |
| Build / train | 52 | |
| ESC pressed | 1 | |
| Enter build submenu | 11 | |
| Enter hero's abilities submenu | 6 | |
| Give item / drop item | 1 | |
| Right click | 1078 | |
| Select / deselect | 167 | |
| Select group hotkey | 781 | |
| Use ability | 45 | |
2195 total
» units
| Wisp | 14 | |
| Archer | 5 | |
| Dryad | 5 | |
| Druid of the Claw | 1 | |
25 total
» upgrades
| Abolish Magic | 1 | |
| Druid of the Claw Training | 2 | |
| Well Spring | 1 | |
4 total
» buildings
| Altar of Elders | 1 | |
| Moon Well | 4 | |
| Ancient of War | 1 | |
| Tree of Ages | 2 | |
| Hunter's Hall | 1 | |
| Ancient of Wonders | 1 | |
| Ancient of Lore | 2 | |
| Tree of Eternity | 1 | |
13 total
» build order
00:07 Altar of Elders
00:19 Moon Well
00:36 Ancient of War
01:45 Moon Well
02:25 Moon Well
03:01 Tree of Ages
04:05 Hunter's Hall
05:17 Ancient of Wonders
05:23 Ancient of Lore
05:24 Ancient of Lore
07:28 Tree of Eternity
08:07 Moon Well
» items
| Boots of Speed | 1 | |
| Staff of Preservation | 1 | |
| Orb of Venom | 1 | |
| Potion of Healing | 2 | |
5 total
Chat log
(00:12 / All) timg4strok: GTL HF
(00:25 / All) MEDDICCCC: uu2